 Dungeon Crawl Stone Soup version 0.21.0-24-g2553a33 (webtiles) character file.

9396 DogShitOnMyToe the Destroyer (level 11, -2/97 HPs)
             Began as a White Draconian Fire Elementalist on Jan 20, 2018.
             Was a Priest of Vehumet.
             Slain by a large abomination (20 damage)
             ... on level 2 of the Abyss on Jan 21, 2018.
             The game lasted 00:43:50 (14089 turns).

DogShitOnMyToe the Destroyer (DrFE)                Turns: 14089, Time: 00:43:51

Health: -2/97      AC:  8    Str: 10    XL:     11   Next: 22%
Magic:  9/17       EV: 17    Int: 23    God:    Vehumet [***...]
Gold:   738        SH:  0    Dex: 14    Spells: 7/18 levels left

rFire    . . .     SeeInvis .   a - staff of wizardry
rCold    + . .     Gourm    .   (no shield)
rNeg     . . .     Faith    .   (armour unavailable)
rPois    .         Spirit   .   f - +0 hat
rElec    .         Reflect  .   (no cloak)
rCorr    .         Harm     .   D - +0 pair of gloves
MR       .....                  (no boots)
Stlth    ++........             I - amulet of magic regeneration
HPRegen  0.26/turn              o - +4 ring of intelligence
MPRegen  0.40/turn              J - +2 ring of dexterity

@: no status effects
A: breathe frost, unfitting armour, cold resistance 1, cold-blooded, AC +7
a: Breathe Frost, Renounce Religion


You were on level 2 of the Abyss.
You worshipped Vehumet.
Vehumet was most pleased with you.
You were not hungry.

You visited 2 branches of the dungeon, and saw 12 of its levels.
You visited the Abyss 1 time.

You collected 738 gold pieces.

Inventory:

Hand Weapons
 b - a +0 hunting sling
Missiles
 d - 336 stones
 h - 17 sling bullets
 t - 3 curare-tipped needles
 y - 41 poisoned needles
 H - 2 throwing nets
 M - 9 javelins (quivered)
 O - 3 silver tomahawks
Armour
 f - a +0 hat (worn)
 D - a +0 pair of gloves (worn)
Magical Staves
 a - an uncursed staff of wizardry (weapon)
 U - an uncursed staff of conjuration
Jewellery
 i - a +4 amulet of reflection
 o - a +4 ring of intelligence (left hand)
 v - an uncursed amulet of faith
 I - an amulet of magic regeneration (around neck)
 J - a +2 ring of dexterity (right hand)
 T - an uncursed ring of protection from cold {unknown}
Wands
 q - a wand of flame (58)
 L - a wand of digging (13)
Scrolls
 e - 5 scrolls of blinking
 g - 4 scrolls of amnesia
 j - 2 scrolls of fear
 p - a scroll of enchant weapon {unknown}
 r - 5 scrolls of identify
 s - a scroll of fog
 w - 2 scrolls of enchant armour {unknown}
 B - a scroll of teleportation
 C - 2 scrolls of magic mapping {unknown}
 F - 2 scrolls of immolation {unknown}
 N - 2 scrolls of brand weapon {unknown}
 Q - a scroll of random uselessness {unknown}
 R - 2 scrolls of remove curse
Potions
 c - 3 potions of agility
 k - 2 potions of heal wounds
 m - a potion of degeneration
 n - 2 potions of haste
 x - 3 potions of lignification
 z - 2 potions of mutation
 E - 2 potions of brilliance
 G - 3 potions of cancellation
 P - 2 potions of curing
 S - a potion of ambrosia
 V - a potion of invisibility
Books
 l - a book of Misfortune

   Spells                             Type                      Level
   a - Confusing Touch                Hexes                        1
   b - Confuse                        Hexes                        3
   c - Gell's Gravitas                Translocation                3
   d - Petrify                        Transmutation/Earth          4
   e - Metabolic Englaciation         Hexes/Ice                    5
   f - Yara's Violent Unravelling     Hexes/Transmutation          5
 A - a book of Flames

   Spells                             Type                      Level
   a - Flame Tongue                   Conjuration/Fire             1
   b - Throw Flame                    Conjuration/Fire             2
   c - Conjure Flame                  Conjuration/Fire             3
   d - Inner Flame                    Hexes/Fire                   3
   e - Sticky Flame                   Conjuration/Fire             4
   f - Fireball                       Conjuration/Fire             5
 K - a book of Necromancy

   Spells                             Type                      Level
   a - Pain                           Necromancy                   1
   b - Animate Skeleton               Necromancy                   1
   c - Vampiric Draining              Necromancy                   3
   d - Regeneration                   Charms/Necromancy            3
   e - Animate Dead                   Necromancy                   4
   f - Borgnjor's Vile Clutch         Necromancy/Earth             5
Comestibles
 u - 9 rations


   Skills:
 + Level 9.5 Fighting
 + Level 8.2 Dodging
 - Level 1.7 Stealth
 - Level 4.1 Spellcasting
 * Level 11.8 Conjurations
 - Level 2.4 Fire Magic


You had 7 spell levels left.
You knew the following spells:

 Your Spells              Type           Power        Failure   Level  Hunger
a - Flame Tongue          Conj/Fire      #####        1%          1    None
b - Conjure Flame         Conj/Fire      #####...     1%          3    ##.....
c - Sticky Flame          Conj/Fire      #####...     1%          4    ####...
d - Regeneration          Chrm/Necr      #.........   12%         3    ##.....


Dungeon Overview and Level Annotations

Branches:
Dungeon (11/15)            Temple (1/1) D:5            Lair (0/6) D:8
    Orc: D:9-12

Altars:
Ashenzari
Cheibriados
Dithmenos
Elyvilon
Fedhas
Gozag
Hepliaklqana
Kikubaaqudgha
Makhleb
Nemelex Xobeh
Okawaru
Qazlal
Ru
Sif Muna
Trog
Uskayaw
Vehumet
Wu Jian
Xom
Yredelemnul
Zin
The Shining One

Shops:
D:4 *

Annotations:
D:3 exclusion: downstairs
D:6 28 exclusions
D:10 exclusion: downstairs
D:11 clownbabyjr's ghost, journeyman DsFi


Innate Abilities, Weirdness & Mutations

You can breathe waves of freezing cold.
You can buffet flying creatures when you breathe cold.
Your icy white scales are hard. (AC +7)
You cannot fit into any form of body armour.
Your flesh is cold resistant. (rC+)
You are cold-blooded and may be slowed by cold attacks.


Message History

Aim: a large abomination The flame tongue hits the large abomination.
The large abomination appears unharmed.
Aim: a large abomination The flame tongue hits the large abomination.
The large abomination appears unharmed.
The large abomination is engulfed in blazing flames.
The large abomination hits you!!
* * * LOW HITPOINT WARNING * * *
Aim: a large abomination (flame, lightly damaged)
The flame tongue hits the large abomination.
The large abomination hits you!!
* * * LOW HITPOINT WARNING * * *
Unknown command.
Aim: a large abomination (flame, moderately damaged)
The sticky flame hits the large abomination.
The large abomination appears unharmed.
The large abomination is covered in liquid flames!
The large abomination burns!
The large abomination hits you!!
You die...

. ##.#.
...##..#.# .
....# ...#....# .
.###. ..... #.)..
.. .. #. ######
#..§ ..# ... # #
#.
#..#.....##..#..#
##..#...#.
#.##.#.§..#
#...#.......
###..#..#§# #
#..##
#####.§#X....# .
# . ## #@#.#.#..
# .. ###..#..
...# ..# #.# ##.
##. # . #. .# .


You could see a large abomination (burning).

Vanquished Creatures
  3 two-headed ogres
  A tengu warrior (D:10)
  An unseen horror (D:11)
  A wizard (D:11)
  A moth of wrath (shapeshifter) (Abyss:2)
  A troll (D:10)
  A large abomination (Abyss:2)
  3 raiju (Abyss:2)
  2 hippogriffs (D:10)
  2 vampires (D:10)
  A human (shapeshifter) (Abyss:2)
  3 sky beasts
  A black bear (D:6)
  An orc warrior (D:6)
  3 ice beasts
  An eye of draining (D:10)
  A phantom (D:8)
  5 ogres
  A crocodile (D:8)
  3 centaurs
  A big kobold (D:10)
  4 bullfrogs
  A water moccasin skeleton (D:9)
  A scorpion (D:6)
  A howler monkey (D:4)
  2 crimson imps
  A bullfrog zombie (D:6)
  2 hounds
  4 orc priests
  2 bullfrog skeletons
  2 centaur skeletons
  3 jellies
  2 iguanas
  Natasha (twice) (D:3)
  10 worker ants
  8 orc wizards
  A hound zombie (D:5)
  A hound skeleton (D:4)
  Robin (D:3)
  2 worker ant zombies
  4 gnolls (D:3)
  12 adders
  An ufetubus (Abyss:2)
  2 oozes
  2 worms
  3 dart slugs
  2 leopard geckos
  38 orcs
  4 bats
  3 giant cockroaches
  23 goblins
  8 hobgoblins
  15 jackals
  7 quokkas
  2 ball pythons
  4 frilled lizards
  7 kobolds
  A leopard gecko skeleton (D:8)
  A quokka skeleton (D:4)
  4 rats
230 creatures vanquished.

Vanquished Creatures (others)
  2 starspawn tentacles (Abyss:2)
2 creatures vanquished.

Grand Total: 232 creatures vanquished

Notes
Turn   | Place    | Note
-------+----------+-------------------------------------------
     0 | D:1      | DogShitOnMyToe the Draconian Fire Elementalist began the quest for the Orb.
     0 | D:1      | Reached XP level 1. HP: 14/14 MP: 3/3
   230 | D:1      | Reached skill level 2 in Dodging
   574 | D:1      | Reached XP level 2. HP: 22/22 MP: 1/5
   850 | D:1      | Reached skill level 1 in Fighting
   989 | D:2      | Found a shattered altar of Ashenzari.
  1006 | D:2      | Found a shadowy altar of Dithmenos.
  1151 | D:2      | Reached XP level 3. HP: 17/28 MP: 1/6
  1152 | D:2      | HP: 13/28 [adder (4)]
  1158 | D:2      | HP: 11/28 [poisoned by an adder]
  1159 | D:2      | Reached skill level 2 in Conjurations
  1165 | D:2      | HP: 10/29 [poisoned by an adder]
  1173 | D:2      | HP: 8/29 [poisoned by an adder]
  1842 | D:2      | Reached skill level 2 in Fighting
  1894 | D:2      | Found a shimmering altar of Xom.
  1896 | D:2      | Reached XP level 4. HP: 36/36 MP: 4/7
  1922 | D:2      | Found a burning altar of Makhleb.
  2046 | D:2      | Found an iron altar of Okawaru.
  2454 | D:2      | Learned a level 3 spell: Conjure Flame
  2696 | D:3      | Found a bloodstained altar of Trog.
  2867 | D:3      | Reached skill level 3 in Dodging
  2881 | D:3      | Reached XP level 5. HP: 44/44 MP: 0/8
  3028 | D:3      | Noticed Natasha
  3038 | D:3      | Killed Natasha
  3038 | D:3      | Reached skill level 3 in Fighting
  3038 | D:3      | Reached skill level 3 in Conjurations
  3361 | D:3      | Found a basalt altar of Yredelemnul.
  3391 | D:3      | Found a glowing silver altar of Zin.
  3392 | D:3      | Found a sacrificial altar of Ru.
  3398 | D:3      | Found a hide-covered altar of Uskayaw.
  3483 | D:3      | Noticed Natasha
  3489 | D:3      | Killed Natasha
  3950 | D:3      | Noticed Robin
  4086 | D:3      | Killed Robin
  4298 | D:3      | Learned a level 4 spell: Sticky Flame
  4306 | D:4      | Noticed an ogre
  4388 | D:4      | Reached XP level 6. HP: 45/51 MP: 0/9
  4732 | D:4      | Reached skill level 4 in Conjurations
  5121 | D:4      | Found a deep blue altar of Sif Muna.
  5174 | D:4      | Reached skill level 4 in Fighting
  5286 | D:4      | Found Suimale's General Store.
  5298 | D:4      | Reached skill level 4 in Dodging
  5298 | D:4      | Your scales start taking on an icy white colour.
  5298 | D:4      | Reduced skill Fire Magic to level 2
  5298 | D:4      | Reached XP level 7. HP: 59/59 MP: 8/10
  5298 | D:4      | Gained mutation: Your flesh is cold resistant. (rC+) [White Draconian growth]
  5848 | D:5      | Entered Level 5 of the Dungeon
  5962 | D:5      | Found a staircase to the Ecumenical Temple.
  5971 | Temple   | Entered the Ecumenical Temple
  6045 | Temple   | Became a worshipper of Vehumet
  6106 | D:5      | Reached skill level 5 in Conjurations
  6158 | D:5      | HP: 25/60 [ogre/giant club (18)]
  6165 | D:5      | HP: 25/60 [worker ant (2)]
  6768 | D:5      | Reached skill level 5 in Fighting
  6768 | D:5      | Reached skill level 6 in Conjurations
  7369 | D:6      | HP: 30/61 [orc warrior/trident (9)]
  7370 | D:6      | Reached XP level 8. HP: 33/68 MP: 4/11
  7751 | D:6      | Identified a book of Necromancy
  7828 | D:6      | Reached skill level 5 in Dodging
  7963 | D:6      | Learned a level 3 spell: Regeneration
  8021 | D:6      | Reached * piety under Vehumet
  8021 | D:6      | Offered knowledge of Magic Dart by Vehumet.
  8297 | D:6      | Reached skill level 7 in Conjurations
  8516 | D:6      | Reached skill level 6 in Fighting
  9572 | D:7      | Reached skill level 8 in Conjurations
  9587 | D:7      | Identified a book of Misfortune
  9661 | D:7      | Reached XP level 9. HP: 78/78 MP: 8/12
 10239 | D:8      | Found an ornate altar of the Wu Jian Council.
 10363 | D:8      | Reached skill level 6 in Dodging
 10405 | D:8      | Noticed a two-headed ogre
 10423 | D:8      | Killed a two-headed ogre
 10423 | D:8      | Reached skill level 7 in Fighting
 10423 | D:8      | Reached skill level 9 in Conjurations
 10456 | D:8      | Noticed a two-headed ogre
 10481 | D:8      | Killed a two-headed ogre
 10690 | D:8      | Found a staircase to the Lair.
 10747 | D:8      | Reached ** piety under Vehumet
 10756 | D:8      | Offered knowledge of Searing Ray by Vehumet.
 10843 | D:8      | Reached XP level 10. HP: 85/88 MP: 11/13
 11041 | D:9      | Reached skill level 3 in Spellcasting
 11889 | D:10     | Entered Level 10 of the Dungeon
 11944 | D:10     | Reached skill level 4 in Spellcasting
 11975 | D:10     | Reached skill level 7 in Dodging
 11975 | D:10     | Reached skill level 10 in Conjurations
 11986 | D:10     | Reached skill level 8 in Fighting
 12115 | D:10     | HP: 42/88 [troll (7)]
 12130 | D:10     | HP: 37/88 [acid (5)]
 12598 | D:10     | Offered knowledge of Stone Arrow by Vehumet.
 12674 | D:10     | Noticed a tengu warrior
 12722 | D:10     | Killed a tengu warrior
 13060 | D:11     | Noticed a wizard
 13060 | D:11     | Noticed clownbabyjr's ghost (journeyman DsFi)
 13138 | D:11     | Noticed a two-headed ogre
 13160 | D:11     | Killed a two-headed ogre
 13160 | D:11     | Reached skill level 9 in Fighting
 13160 | D:11     | Reached skill level 11 in Conjurations
 13216 | D:11     | Noticed an unseen horror
 13223 | D:11     | Killed an unseen horror
 13223 | D:11     | Reached *** piety under Vehumet
 13235 | D:11     | HP: 44/91 [poisoned by a worker ant]
 13239 | D:11     | Reached XP level 11. HP: 45/97 MP: 12/17
 13240 | D:11     | HP: 44/97 [poisoned by a worker ant]
 13245 | D:11     | HP: 43/97 [poisoned by a worker ant]
 13251 | D:11     | HP: 40/97 [poisoned by a worker ant]
 13259 | D:11     | HP: 40/97 [poisoned by a worker ant]
 13267 | D:11     | HP: 40/97 [poisoned by a worker ant]
 13485 | D:11     | clownbabyjr's ghost turns its malevolent gaze towards you.
 13492 | D:11     | HP: 46/97 [clownbabyjr's ghost (3)]
 13744 | D:11     | Noticed a wizard
 13749 | D:11     | Noticed a wizard
 13751 | D:11     | Killed a wizard
 13751 | D:11     | Reached skill level 8 in Dodging
 13753 | D:11     | Cast into level 2 of the Abyss (a wizard)
 13912 | Abyss:2  | HP: 41/97 [raiju/living lightning (14)]
 13915 | Abyss:2  | HP: 10/97 [raiju/living lightning (20)]
 13918 | Abyss:2  | Noticed a blizzard demon
 14057 | Abyss:2  | Noticed a spatial maelstrom
 14058 | Abyss:2  | Noticed a tentacled starspawn
 14082 | Abyss:2  | Noticed a large abomination
 14087 | Abyss:2  | HP: 48/97 [large abomination (26)]
 14088 | Abyss:2  | HP: 18/97 [large abomination (31)]
 14089 | Abyss:2  | Slain by a large abomination

Skill      XL: |  1  2  3  4  5  6  7  8  9 10 11 |
---------------+----------------------------------+-----
Dodging        | 2 3 4 5 6 7 8 |  8.2
Fighting       | 1 2 3 4 5 6 7 9 |  9.5
Conjurations   | 2 3 4 6 8 9 11 | 11.8
Fire Magic     | 2 |  2.4
Spellcasting   | 4 |  4.1
Stealth        | |  1.7

Action                   |  1- 3 |  4- 6 |  7- 9 | 10-12 || total
-------------------------+-------+-------+-------+-------++-------
Melee: Unarmed           |     4 |       |       |       ||     4
       Dagger            |    23 |    10 |       |       ||    33
       Tailslap          |     1 |     9 |     3 |     8 ||    21
       Trident           |       |   160 |   112 |    77 ||   349
       Staff             |       |       |       |     8 ||     8
Throw: Stone             |     9 |     9 |     1 |       ||    19
       Javelin           |       |    29 |    12 |     9 ||    50
 Cast: Flame Tongue      |    55 |   109 |   174 |   143 ||   481
       Conjure Flame     |       |     8 |    11 |    12 ||    31
       Sticky Flame      |       |       |     7 |    23 ||    30
       Regeneration      |       |       |       |     1 ||     1
 Abil: Breathe Frost     |       |       |     3 |     1 ||     4
Evoke: Wand              |       |       |       |     1 ||     1
  Use: Scroll            |     2 |     4 |     7 |     9 ||    22
       Potion            |       |       |       |     1 ||     1
 Stab: Sleeping          |       |     4 |     2 |       ||     6
  Eat: Chunk             |     4 |    10 |    14 |     4 ||    32
       Ration            |       |     1 |     2 |     3 ||     6
Armor: Skin              |    30 |    41 |    34 |    35 ||   140
Dodge: Dodged            |    36 |   122 |   112 |   109 ||   379
Block: Other             |       |    20 |    14 |       ||    34
       Reflection        |       |     2 |       |       ||     2
